 Dungeon Crawl Stone Soup version 0.14-a0-1974-gdb6e453 (webtiles) character file.

27 4tharraofdagon the Vexing (level 2, -4/13 HPs)
             Began as a Spriggan Enchanter on Jan 18, 2014.
             Slain by an orc priest
             ... wielding a +0,+1 orcish flail
              (11 damage)
             ... on Level 3 of the Dungeon.
             The game lasted 00:01:45 (293 turns).

4tharraofdagon the Vexing (Spriggan Enchanter)       Turns: 293, Time: 00:01:45

HP  -4/13        AC  3     Str  4      XL: 2   Next: 20%
MP   3/7         EV 18     Int 16      God:
Gold 15          SH  0     Dex 16      Spells:  2 memorised,  3 levels left

rFire  . . .     SeeInvis +     a - +1 dagger
rCold  . . .     Clarity  .     b - +1 robe
rNeg   . . .     Conserve .     (shield restricted)
rPois  .         rCorr    .     (helmet restricted)
rElec  .         rRot     .     (no cloak)
SustAb . .       Spirit   .     (gloves unavailable)
rMut   .         Warding  .     (boots unavailable)
Saprov . . .     Stasis   .     (no amulet)
MR     .....                    (no ring)
                                (no ring)

@: very slightly contaminated, very quick, not resistant to hostile
enchantments, stealthy
A: unfitting armour, see invisible, herbivore 3, speed 3, slow metabolism 2
a: no special abilities


You were on level 3 of the Dungeon.
You were not hungry.

You visited 1 branch of the dungeon, and saw 4 of its levels.

You collected 15 gold pieces.

Inventory:

Hand weapons
 a - a +1,+1 dagger (weapon)
Missiles
 d - 27 darts (quivered)
Armour
 b - a +1 robe (worn)
Comestibles
 h - 2 bread rations
Scrolls
 g - 2 scrolls of teleportation {unknown}
Potions
 e - a potion of porridge
 f - a potion of resistance {unknown}
Books
 c - a book of Maledictions

   Spells                             Type                      Level
   *Corona                            Hexes                        1
   Sure Blade                         Hexes/Charms                 2
   *Ensorcelled Hibernation           Hexes/Ice                    2
   Confuse                            Hexes                        3
   Enslavement                        Hexes                        4
   Invisibility                       Hexes                        6


   Skills:
 * Level 1.5 Short Blades
 - Level 1.1 Throwing
 + Level 3.3 Dodging
 + Level 3.1 Stealth
 + Level 2.9 Spellcasting
 + Level 3.8 Hexes


You had 3 spell levels left.
You knew the following spells:

 Your Spells              Type           Power        Failure   Level  Hunger
a - Corona                Hex            ##.....      4%          1    #......
b - Ensorcelled Hibernat  Hex/Ice        #.....       14%         2    ##.....


Dungeon Overview and Level Annotations

Branches:
Dungeon (4/16)
 Temple: D:4-7

Altars:
Okawaru

Annotations:
D:3 Grinder, Ijyb


Innate Abilities, Weirdness & Mutations

You are tiny and cannot use many weapons and most armour.
You have supernaturally acute eyesight.
You are a herbivore.
You cover ground extremely quickly.
You need consume almost no food.


Message History

Unknown command.
Cast which spell? (? or * to list)
Aiming: Ensorcelled Hibernation
Press: ? - help, Shift-Dir - straight line, f - orc priest
Aim: an orc priest, wielding an orcish flail and wearing an orcish ring mail (almost dead)
You miscast Ensorcelled Hibernation.
You are very lightly contaminated with residual magic.
Your skin glows momentarily.
The orc priest completely misses you.
The orc wizard jeers loudly, as Orcs often do.
The orc wizard points at you and mumbles some strange words.
The magic dart hits you! Ijyb barely misses you.
Casting: Ensorcelled Hibernation
Confirm with . or Enter, or press ? or * to list all spells.
Aiming: Ensorcelled Hibernation
Press: ? - help, Shift-Dir - straight line, f/p - orc priest
Aim: an orc priest, wielding an orcish flail and wearing an orcish ring mail (almost dead)
The orc priest resists.
The orc priest hits you with an orcish flail!
Ouch! That really hurt!
You die...

###.#.## #.. .⌠.
##.⌠.##.# ###
##.#.###.##.#
......#.....#...# #.#
#....##.....# #.#
#...........#
##.###..........##
#.oo##..###'###.#
#.##.[@##..# #.# ..##
#......g...###.###....
#..........'.._###..###
##.........###.###..#
###...##..# #.# ..#
#...###.###'###..#
##.####..........#
#..(.............#
########.######...


You could see Ijyb, an orc priest and an orc wizard.

Vanquished Creatures
  An adder (D:2)
  A goblin (D:1)
  A bat (D:1)
  A rat (D:1)
4 creatures vanquished.

Notes
Turn   | Place    | Note
--------------------------------------------------------------
     0 | D:1      | 4tharraofdagon, the Spriggan Enchanter, began the quest for the Orb.
     0 | D:1      | Reached XP level 1. HP: 9/9 MP: 4/4
   146 | D:2      | Reached XP level 2. HP: 13/13 MP: 7/7
   150 | D:2      | Learned a level 2 spell: Ensorcelled Hibernation
   220 | D:3      | Noticed Ijyb
   224 | D:3      | Noticed Grinder
   263 | D:3      | Found an iron altar of Okawaru.
   293 | D:3      | Slain by an orc priest

Action                   || total
-------------------------++-------
Melee: Dagger            ||    14
 Cast: Ensorcelled Hiber ||     1
 Stab: Sleeping          ||     2
